 Dungeon Crawl Stone Soup version 0.29.0-4-gdea44cf6ec (webtiles) character file.

Game seed: 9247999721275261037

131 qw the Chopper (level 5, 0/41 HPs)
             Began as a Ghoul Enchanter on Sept 6, 2022.
             Killed from afar by an orc wizard (7 damage)
             ... with a puff of flame
             ... on level 3 of the Dungeon.
             The game lasted 00:01:32 (2501 turns).

qw the Chopper (Ghoul Enchanter)                    Turns: 2501, Time: 00:01:33

Health: 0/41       AC: 15    Str: 14    XL:     5   Next: 14%
Magic:  6/6        EV:  6    Int: 10    God:
Gold:   80         SH:  0    Dex:  9    Spells: 7/7 levels left

rFire   . . .      SeeInvis .   Y - +2 hand axe
rCold   + . .      Faith    .   (no shield)
rNeg    + + +      Spirit   .   d - +0 chain mail
rPois   inf        Reflect  .   f - +0 helmet
rElec   .          Harm     .   i - +0 cloak
rCorr   .          Rampage  .   h - +0 pair of gloves
Will    .....                   (no boots)
Stlth   ..........              (no amulet)
HPRegen 0.00/turn               l - +4 ring of protection
MPRegen 0.10/turn               (no ring)

@: inhibited regen
A: claws 1, cold resistance 1, negative energy resistance 3, inhibited
regeneration, torment resistance 2, devour on kill
a: no special abilities


You were on level 3 of the Dungeon.
You visited 1 branch of the dungeon, and saw 3 of its levels.

You collected 108 gold pieces.
You spent 28 gold pieces at shops.


Innate Abilities, Weirdness & Mutations

You are immune to poison.
You have sharp fingernails.
Your flesh is cold resistant. (rC+)
You are immune to negative energy. (rN+++)
You do not regenerate when monsters are visible.
You are immune to unholy pain and torment.
You thrive by killing the living.


   Skills:
 - Level 2.0 Fighting
 - Level 0.8 Short Blades
 + Level 3.4 Axes
 - Level 1.0 Armour
 - Level 1.7 Dodging
 - Level 3.2 Stealth
 - Level 1.7 Spellcasting
 - Level 2.4 Hexes


You had 7 spell levels left.
You didn't know any spells.
Your spell library contained the following spells:

 Spells                   Type           Power      Damage    Failure   Level
 Ensorcelled Hibernation  Hex/Ice        6%         N/A       100%        2
 Confusing Touch          Hex            5%         N/A       100%        3
 Dazzling Flash           Conj/Hex       6%         N/A       100%        3
 Tukima's Dance           Hex            5%         N/A       100%        3

Inventory:

Hand Weapons
 o - a +0 morningstar
 Y - a +2 hand axe (weapon)
Missiles
 b - 3 boomerangs (quivered)
Armour
 d - a +0 chain mail (worn)
 f - a +0 helmet (worn)
 h - a +0 pair of gloves (worn)
 i - a +0 cloak (worn)
Jewellery
 e - a ring of magical power
 l - a +4 ring of protection (left hand)
Scrolls
 a - a scroll of identify
 g - a scroll of teleportation
 m - a scroll of fear {unknown}
 n - 2 scrolls of vulnerability {unknown}
Potions
 c - a potion of might
 j - a potion of mutation {unknown}
 k - a potion of heal wounds {unknown}
 p - a potion of attraction {unknown}

Dungeon Overview and Level Annotations

Branches:
Dungeon (3/15)

Altars:

Shops:
D:2 ?


Message History

Something hits you but does no damage.
You barely miss something.
You hear some strange, mumbled words.
A magic dart appears from out of thin air!
The magic dart hits you but does no damage.
You barely miss something. Something hits you but does no damage.
You hit something. Something hits you but does no damage.
You miss something.
Something hits you but does no damage. x2
You miss something.
You hear some strange, mumbled words.
A puff of flame appears from out of thin air!
The puff of flame hits you but does no damage.
You closely miss something.
You hear some strange, mumbled words.
You are confused.
You're too confused to attack without stumbling around!
There is a strange disturbance nearby!
Something hits you but does no damage.
You're too confused to attack without stumbling around!
There is a strange disturbance nearby!
Something hits you.
You're too confused to attack without stumbling around!
There is a strange disturbance nearby!
Something hits you but does no damage.
You're too confused to attack without stumbling around!
There is a strange disturbance nearby!
You hear some strange, mumbled words.
Something tries to affect you, but you resist.
You're too confused to attack without stumbling around!
There is a strange disturbance nearby!
You feel less confused. Something hits you but does no damage.
You miss something.
You hear some strange, mumbled words.
A puff of flame appears from out of thin air!
The puff of flame hits you!
You die...

#..........
#.....%.........
#...............
#............... .
#............... ..
................ ...
#...............####...#
#........#...........#
#.#.###.## #@.# .#
..#...#.# #{.##.#
###.#.#.# #..#..#
....#...# ###..).#
#.###...# #.....##
#.....#.######.#..##
#####...#.........#
.#####....#####.#.#
..#.......# #[#.#


There were no monsters in sight!

Vanquished Creatures
  Robin (D:2)
  3 adders
  5 dart slugs
  6 orcs (D:3)
  11 endoplasms
  A giant cockroach (D:1)
  7 hobgoblins
  2 jackals (D:1)
  4 quokkas
  3 ball pythons
  3 bats
  4 frilled lizards
  12 goblins
  4 kobolds (D:1)
  4 rats
70 creatures vanquished.

Vanquished Creatures (others)
  3 plants (D:1)
3 creatures vanquished.

Grand Total: 73 creatures vanquished

Notes
Turn   | Place    | Note
-------+----------+-------------------------------------------
     0 | D:1      | qw the Ghoul Enchanter began the quest for the Orb.
     0 | D:1      | Reached XP level 1. HP: 14/14 MP: 2/2
     0 | D:1      | 0 ||| qw: Version: 0.1-a-108-g9e35731
     0 | D:1      | 0 ||| qw: Game counter: 6346
     0 | D:1      | 0 ||| qw: Always use a shield: true
     0 | D:1      | 0 ||| qw: God list: Okawaru
     0 | D:1      | 0 ||| qw: Allow faded altars: false
     0 | D:1      | 0 ||| qw: Do Orc after D:15 true
     0 | D:1      | 0 ||| qw: Do second Lair branch before Depths: true
     0 | D:1      | 0 ||| qw: Lair rune preference: random
     0 | D:1      | 0 ||| qw: Plans: Normal
     0 | D:1      | 0 ||| PLANNING D:1-11
    16 | D:1      | 16 ||| Stepping ~*~*~tactically~*~*~ (stealth).
    22 | D:1      | 22 ||| Stepping ~*~*~tactically~*~*~ (outnumbered).
   153 | D:1      | 153 ||| SWAPPING to +0 spear.
   154 | D:1      | 154 ||| DROPPING +1 dagger.
   197 | D:1      | Found a faded altar of an unknown god.
   225 | D:1      | 225 ||| Stepping ~*~*~tactically~*~*~ (stealth).
   230 | D:1      | Reached skill level 1 in Axes
   240 | D:1      | 240 ||| Stepping ~*~*~tactically~*~*~ (stealth).
   241 | D:1      | 241 ||| Stepping ~*~*~tactically~*~*~ (stealth).
   244 | D:1      | 244 ||| Stepping ~*~*~tactically~*~*~ (stealth).
   246 | D:1      | 246 ||| Stepping ~*~*~tactically~*~*~ (stealth).
   252 | D:1      | 252 ||| Stepping ~*~*~tactically~*~*~ (stealth).
   296 | D:1      | Reached XP level 2. HP: 22/22 MP: 3/3
   325 | D:1      | Reached skill level 1 in Fighting
   337 | D:1      | 337 ||| Stepping ~*~*~tactically~*~*~ (stealth).
   338 | D:1      | 338 ||| Stepping ~*~*~tactically~*~*~ (hiding).
   380 | D:1      | 380 ||| Stepping ~*~*~tactically~*~*~ (stealth).
   381 | D:1      | 381 ||| Stepping ~*~*~tactically~*~*~ (hiding).
   382 | D:1      | 382 ||| Stepping ~*~*~tactically~*~*~ (stealth).
   383 | D:1      | 383 ||| Stepping ~*~*~tactically~*~*~ (hiding).
   437 | D:1      | 437 ||| SWAPPING to +0 hand axe.
   438 | D:1      | 438 ||| DROPPING +0 spear.
   686 | D:1      | 686 ||| DROPPING +0 club.
   709 | D:1      | Reached XP level 3. HP: 18/28 MP: 4/4
  1161 | D:1      | 1161 ||| UPGRADING to +0 chain mail.
  1171 | D:1      | 1171 ||| DROPPING +0 robe.
  1172 | D:1      | 1172 ||| UPGRADING to +0 pair of gloves.
  1177 | D:1      | 1177 ||| UPGRADING to +0 cloak.
  1182 | D:1      | 1182 ||| UPGRADING to +4 ring of protection.
  1183 | D:1      | 1183 ||| READING scroll labelled BIJAIH TUXAIN.
  1184 | D:1      | 1184 ||| READING scroll labelled YRHIV USKAUHOPN.
  1185 | D:1      | 1185 ||| READING scroll labelled ENENAFU IREMI.
  1186 | D:1      | 1186 ||| READING scroll labelled BAJOBL IJARIER.
  1187 | D:1      | 1187 ||| READING scroll labelled IFEFAI CULA.
  1188 | D:1      | 1188 ||| READING 2 scrolls labelled VAZELA FUCISEP.
  1189 | D:1      | 1189 ||| DROPPING 2 potions of invisibility.
  1190 | D:1      | 1190 ||| DROPPING scroll of blinking.
  1201 | D:2      | Found Kicaud's Magic Scroll Shop.
  1205 | D:2      | 1205 ||| SHOPLISTING 2 scrolls of identify (56 gold, have
                  | 47).
  1205 | D:2      | 1205 ||| BUYING scroll of identify (28 gold).
  1205 | D:2      | Bought a scroll of identify for 28 gold pieces
  1205 | D:2      | 1205 ||| SHOPLISTING scroll of identify (28 gold, have 19).
  1205 | D:2      | 1205 ||| SHOPLISTING scroll of teleportation (42 gold, have
                  | 19).
  1320 | D:2      | 1320 ||| Stepping ~*~*~tactically~*~*~ (stealth).
  1322 | D:2      | 1322 ||| Stepping ~*~*~tactically~*~*~ (stealth).
  1326 | D:2      | Noticed Robin
  1327 | D:2      | 1327 ||| Stepping ~*~*~tactically~*~*~ (stealth).
  1339 | D:2      | Reached skill level 1 in Armour
  1341 | D:2      | 1341 ||| Stepping ~*~*~tactically~*~*~ (stealth).
  1342 | D:2      | 1342 ||| Stepping ~*~*~tactically~*~*~ (stealth).
  1345 | D:2      | 1345 ||| Stepping ~*~*~tactically~*~*~ (stealth).
  1347 | D:2      | 1347 ||| Stepping ~*~*~tactically~*~*~ (hiding).
  1368 | D:2      | Reached XP level 4. HP: 25/36 MP: 5/5
  1372 | D:2      | Killed Robin
  1515 | D:2      | 1515 ||| Stepping ~*~*~tactically~*~*~ (stealth).
  1953 | D:2      | 1953 ||| UPGRADING to +0 helmet.
  1958 | D:2      | 1958 ||| DROPPING amulet of magic regeneration.
  1959 | D:2      | 1959 ||| READING 2 scrolls labelled ZIPUJOM YMAOCVY.
  1963 | D:2      | 1963 ||| READING 2 scrolls of identify.
  1963 | D:2      | 1963 ||| IDENTIFYING emerald potion
  2008 | D:3      | Reached skill level 3 in Axes
  2094 | D:3      | 2094 ||| DROPPING +0 mace.
  2187 | D:3      | Reached XP level 5. HP: 41/41 MP: 6/6
  2190 | D:3      | 2190 ||| READING scroll of enchant weapon.
  2190 | D:3      | 2190 ||| ENCHANTING +1 hand axe.
  2429 | D:3      | 2429 ||| Stepping ~*~*~tactically~*~*~ (hiding).
  2432 | D:3      | 2432 ||| Stepping ~*~*~tactically~*~*~ (hiding).
  2485 | D:3      | HP: 9/41 [something (4)]
  2497 | D:3      | HP: 7/41 [something (2)]
  2501 | D:3      | Killed from afar by an orc wizard

Levels and vault maps discovered:
D:1:      minmay_arrival_open_corners, layout_basic,
          hellmonk_ecumenical_altar_pennies_from_heaven, serial_bayou_pond_a
D:2:      layout_basic, serial_shops, nicolae_shop_hallway_stairs, uniq_robin
D:3:      layout_rooms, chequers_serial_rivers_micro_a,
          hangedman_abyss_or_decor_stabs, nicolae_figureground_pulse

Skill      XL: |  1  2  3  4 |
---------------+-------------+-----
Axes           | 1 2 3 |  3.4
Fighting       | 1 2 |  2.0
Armour         | 1 |  1.0
Short Blades   | |  0.8
Dodging        | |  1.7
Stealth        | |  3.2
Spellcasting   | |  1.7
Hexes          | |  2.4

Action                   |  1- 3 |  4- 6 || total
-------------------------+-------+-------++-------
Melee: Spear             |    33 |       ||    33
       Dagger            |    10 |       ||    10
       Hand axe          |    85 |   100 ||   185
       Punch             |     1 |       ||     1
Throw: Boomerang         |     9 |    36 ||    45
  Use: Scroll            |     6 |     3 ||     9
 Stab: Sleeping          |     1 |       ||     1
Armor: Robe              |    23 |       ||    23
       Chain mail        |    32 |    78 ||   110
Dodge: Dodged            |    64 |    14 ||    78

Table legend:
 A = Non-vault XP
 B = Vault XP
 C = Vault XP percentage of total XP
 D = Non-vault monster count
 E = Vault monster count
 F = Vault count percentage of total count
                 A         B        C        D         E       F
            +---------+---------+-------+---------+---------+-------
      Total |     151 |      37 |  19.7 |      58 |      12 |  17.1
            +---------+---------+-------+---------+---------+-------
        D:1 |      54 |       0 |   0.0 |      30 |       0 |   0.0
        D:2 |      44 |      37 |  45.7 |      15 |      12 |  44.4
        D:3 |      53 |       0 |   0.0 |      13 |       0 |   0.0
            +---------+---------+-------+---------+---------+-------
